 Dungeon Crawl Stone Soup version 0.30-b1-5-g8e6c1be481 (webtiles) character file.

Game seed: 16050797662681916328

1361 Jase the Covered (level 8, -12/73 HPs)
             Began as a Minotaur Fighter on May 3, 2023.
             Was a Priest of Okawaru.
             Mangled by an ogre
             ... wielding a +0 giant club
              (26 damage)
             ... on level 5 of the Dungeon.
             The game lasted 00:06:25 (2905 turns).

Jase the Covered (Minotaur Fighter)                 Turns: 2905, Time: 00:06:25

Health: -12/73     AC:  8    Str: 22    XL:     8   Next: 37%
Magic:  9/10       EV: 10    Int:  5    God:    Okawaru [***...]
Gold:   402        SH:  0    Dex: 11    Spells: 7/7 levels left

rFire   . . .        a - +1 war axe
rCold   + . .        (no shield)
rNeg    + . .        x - +0 scale mail
rPois   .            (helmet restricted)
rElec   .            (no cloak)
rCorr   .            (no gloves)
SInv    .            (no boots)
Will    .....        j - amulet of regeneration Stlth
                     r - ring of protection from cold
HPRegen 1.12/turn    w - ring of positive energy
MPRegen 0.12/turn

%: no passive effects
@: no status effects
A: horns 2, retaliatory headbutt
a: Renounce Religion, Heroism


You were on level 5 of the Dungeon.
You worshipped Okawaru.
Okawaru was most pleased with you.
You visited 1 branch of the dungeon, and saw 5 of its levels.
You also visited: Ossuary.

You collected 402 gold pieces.

Inventory:

Hand Weapons
 a - a +1 war axe (weapon)
 b - a +1 flail of protection
Armour
 x - a +0 scale mail (worn)
Jewellery
 j - an amulet of regeneration (around neck)
 r - a ring of protection from cold (left hand)
 t - a ring of protection from cold
 w - a ring of positive energy (right hand)
Wands
 p - a wand of flame (10)
Scrolls
 e - 3 scrolls of enchant weapon
 f - 3 scrolls of teleportation
 g - 2 scrolls of magic mapping {unknown}
 o - 2 scrolls of blinking {unknown}
 s - a scroll of fog {unknown}
 u - 2 scrolls of immolation {unknown}
 y - a scroll of butterflies {unknown}
Potions
 c - a potion of magic
 d - a potion of might
 h - 2 potions of heal wounds
 k - 2 potions of resistance
 m - 2 potions of lignification {unknown}
 n - 2 potions of brilliance {unknown}
 q - 2 potions of berserk rage
 v - 2 potions of invisibility {unknown}
 z - a potion of flight
 A - 3 potions of curing {unknown}
 B - 2 potions of degeneration {unknown}
 C - a potion of haste


   Skills:
 + Level 7.3 Fighting
 + Level 6.8 Axes
 + Level 7.4 Armour
 - Level 3.6 Shields
 + Level 4.2 Invocations


You had 7 spell levels left.
You didn't know any spells.
Your spell library contained the following spells:

 Spells                   Type           Power      Damage    Failure   Level
 Blink                    Tloc           0%         N/A       88%         2
 Lesser Beckoning         Tloc           0%         N/A       88%         2
 Momentum Strike          Conj/Tloc      0%         3d8       88%         2


Dungeon Overview and Level Annotations

Branches:
Dungeon (5/15)            Ossuary (visited)
 Temple: D:4-7

Altars:
Okawaru

Annotations:
D:5 5 exclusions


Innate Abilities, Weirdness & Mutations

You have a pair of horns on your head.
You reflexively headbutt those who attack you in melee.


Message History

You slash the ogre!
The ogre is heavily wounded.
The ogre barely misses you.
You barely miss the ogre.
The ogre is heavily wounded.
You hit the orc. The orc hits you with a +0 morningstar!
The ogre hits you with a +0 giant club! The orc closely misses you.
You completely miss the ogre.
The ogre is heavily wounded.
You slash the orc!
You kill the orc!
Okawaru accepts your kill.
You hit the ogre. You headbutt the ogre.
The ogre is severely wounded.
You barely miss the orc.
The ogre hits you with a +0 giant club!!
You hit the ogre but do no damage.
The ogre is severely wounded.
You closely miss the orc.
The ogre hits you with a +0 giant club!!
* * * LOW HITPOINT WARNING * * *
The orc completely misses you.
Unknown command.
You barely miss the ogre.
The ogre is severely wounded.
You slash the orc!
You kill the orc!
Okawaru accepts your kill.
You slash the orc!
You kill the orc!
Okawaru accepts your kill. The ogre barely misses you. You furiously retaliate!
You headbutt the ogre. You completely miss the ogre.
You headbutt the ogre, but do no damage.
The ogre is almost dead.
You barely miss the orc. The orc closely misses you.
The orc hits you with a +0 club.
* * * LOW HITPOINT WARNING * * *
The ogre hits you with a +0 giant club!!
You die...

..## .... #..##.##.#
##.## ##..##.##.# ....#
# ..........###. #.# .#
..... ......# #.# ...
#..# .....# #.# ....
##..# #.#..# #.##.....
....#####)#..###)o......
.#.......#......@O......
.####.#######..####.....
.####.'#######'# ...
...####...#...## .
....###.>.#.>.#
.....##...#...#
....########### .#.##
#...#...# .#.# #...#.>.#


You could see an ogre and an orc.

Vanquished Creatures
  Pikel (D:5)
  Menkaure (D:5)
  Edmund (D:5)
  An ice beast (D:5)
  An ogre (D:5)
  A gnoll sergeant (D:5)
  A sleepcap (D:5)
  Terence (D:3)
  2 iguanas (D:4)
  Ijyb (D:3)
  8 mummies (Ossuary)
  8 gnolls
  A shadow imp (D:5)
  A white imp (D:5)
  An ufetubus (D:4)
  3 dart slugs
  11 orcs
  6 ball pythons
  6 endoplasms
  3 giant cockroaches
  9 goblins
  6 hobgoblins
  5 jackals
  4 quokkas
  2 bats (D:3)
  A frilled lizard (D:3)
  2 gnoll zombies (Ossuary)
  2 hobgoblin zombies (Ossuary)
  5 kobolds
  4 orc zombies (Ossuary)
  3 rats
102 creatures vanquished.

Vanquished Creatures (others)
  8 plants (D:5)
8 creatures vanquished.

Grand Total: 110 creatures vanquished

Notes
Turn   | Place    | Note
-------+----------+-------------------------------------------
     0 | D:1      | Jase the Minotaur Fighter began the quest for the Orb.
     0 | D:1      | Reached XP level 1. HP: 19/19 MP: 0/0
   347 | D:1      | Reached XP level 2. HP: 27/27 MP: 1/1
  1248 | D:3      | Noticed Terence
  1251 | D:3      | Reached XP level 3. HP: 27/33 MP: 2/2
  1260 | D:3      | Killed Terence
  1357 | D:3      | Reached XP level 4. HP: 39/41 MP: 3/3
  1367 | D:3      | Noticed Ijyb
  1375 | D:3      | Killed Ijyb
  1726 | D:4      | Reached skill level 5 in Armour
  1726 | D:4      | Reached XP level 5. HP: 44/47 MP: 4/4
  1737 | D:4      | Found an iron altar of Okawaru.
  1745 | D:4      | Became a worshipper of Warmaster Okawaru
  1775 | D:4      | Reached skill level 5 in Fighting
  1971 | D:4      | Reached skill level 1 in Invocations
  2430 | D:5      | Entered Level 5 of the Dungeon
  2434 | D:5      | Noticed Menkaure
  2434 | D:5      | Noticed an ice beast
  2439 | D:5      | Killed Menkaure
  2440 | D:5      | Reached XP level 6. HP: 54/56 MP: 4/6
  2442 | D:5      | Killed an ice beast
  2443 | D:5      | Reached skill level 5 in Axes
  2458 | D:5      | Reached * piety under Okawaru
  2459 | D:5      | Reached XP level 7. HP: 60/62 MP: 7/7
  2504 | D:5      | Noticed Edmund
  2514 | D:5      | Killed Edmund
  2592 | D:5      | Found a sand-covered staircase.
  2597 | Ossuary  | Entered an ossuary
  2872 | D:5      | Reached ** piety under Okawaru
  2873 | D:5      | Noticed Pikel
  2883 | D:5      | Killed Pikel
  2883 | D:5      | Reached *** piety under Okawaru
  2884 | D:5      | Reached XP level 8. HP: 73/73 MP: 6/10
  2905 | D:5      | Mangled by an ogre

Illustrated notes

Levels and vault maps discovered:
D:1:      dpeg_arrival_arbitrary_b, layout_basic
D:2:      layout_rooms, feat_on_display
D:3:      layout_rooms, uniq_ijyb, uniq_terence
D:4:      layout_loops_ring, okawaru_altar_gauntlet_db,
          nicolae_overflow_hidden_temple, minmay_ruptured
D:5:      layout_loops_ring, minmay_temple_entry_gardened_gates,
          nicolae_ossuary_entry_false_entrances, uniq_menkaure, uniq_pikel,
          uniq_edmund

Skill      XL: |  1  2  3  4  5  6  7 |
---------------+----------------------+-----
Armour         | 4 5 6 7 |  7.4
Fighting       | 4 5 7 |  7.3
Axes           | 3 4 5 6 |  6.8
Invocations    | 1 2 4 |  4.2
Shields        | |  3.6

Action                     |  1- 3 |  4- 6 |  7- 9 || total
---------------------------+-------+-------+-------++-------
  Melee: War axe           |    64 |    94 |    59 ||   217
         Headbutt          |    10 |    14 |    15 ||    39
         Punch             |       |     3 |     2 ||     5
 Invoke: Heroism           |       |       |     1 ||     1
    Use: Scroll            |       |     3 |     6 ||     9
         Potion            |       |     1 |       ||     1
 Armour: Scale mail        |    35 |    50 |    10 ||    95
  Dodge: Dodged            |    27 |    65 |    25 ||   117
